 Dungeon Crawl Stone Soup version 0.30.2 (webtiles) character file.

Game seed: 9428123892458317008

200 porpoise the Cudgeller (level 5, 0/33 HPs)
             Began as a Gargoyle Gladiator on Apr 19, 2024.
             Slain by a gnoll
             ... wielding a +0 heavy flail
             ... led by a gnoll bouda
              (4 damage)
             ... on level 4 of the Dungeon.
             The game lasted 00:06:29 (2264 turns).

porpoise the Cudgeller (Gargoyle Gladiator)         Turns: 2264, Time: 00:06:29

Health: 0/33       AC: 10    Str: 20    XL:     5   Next: 79%
Magic:  5/5        EV: 11    Int:  8    God:
Gold:   194        SH:  0    Dex: 11    Spells: 4/4 levels left

rFire   . . .        a - +0 flail (venom)
rCold   . . .        (no shield)
rNeg    + . .        x - +0 ring mail
rPois   ∞            c - +0 helmet
rElec   +            (no cloak)
rCorr   .            (no gloves)
SInv    .            (no boots)
Will    .....        (no amulet)
Stlth   +            (no ring)
HPRegen 0.25/turn    (no ring)
MPRegen 0.09/turn

%: no passive effects
@: no status effects
A: sickness immunity, AC +4, negative energy resistance 1, electricity
resistance, torment resistance 1, petrification resistance
a: no special abilities


You were on level 4 of the Dungeon.
You visited 1 branch of the dungeon, and saw 4 of its levels.

You collected 194 gold pieces.

Inventory:

Hand Weapons
 a - a +0 flail of venom (weapon)
Missiles
 d - 3 throwing nets
 e - 5 javelins (quivered)
 u - a boomerang
 w - 2 poisoned darts
Armour
 c - a +0 helmet (worn)
 x - a +0 ring mail (worn)
Jewellery
 q - a ring of protection from cold
Scrolls
 b - a scroll of fog {unknown}
 g - a scroll of noise {unknown}
 h - a scroll of blinking {unknown}
 i - 5 scrolls of teleportation
 m - 2 scrolls of brand weapon
 p - a scroll of enchant weapon {unknown}
 r - a scroll of enchant armour {unknown}
 v - a scroll of fear {unknown}
 y - a scroll of acquirement {unknown}
Potions
 f - 2 potions of might {unknown}
 j - a potion of brilliance {unknown}
 k - a potion of invisibility {unknown}
 l - a potion of attraction {unknown}
 n - a potion of lignification {unknown}
 o - a potion of mutation {unknown}
 s - a potion of degeneration {unknown}
 t - a potion of haste {unknown}
 z - a potion of resistance {unknown}


   Skills:
 + Level 3.6 Fighting
 * Level 4.9 Maces & Flails
 - Level 1.7 Throwing
 - Level 2.4 Dodging
 + Level 2.9 Stealth


You had 4 spell levels left.
You didn't know any spells.
Your spell library contained the following spells:

 Spells                   Type           Power      Damage    Failure   Level
 Sting                    Tmut/Pois      0%         1d3       58%         1
 Poisonous Vapours        Pois/Air       0%         N/A       75%         2
 Portal Projectile        Hex/Tloc       0%         N/A       92%         3
 Tukima's Dance           Hex            0%         N/A       92%         3
 Animate Dead             Necr           0%         N/A       100%        4
 Olgreb's Toxic Radiance  Pois           0%         N/A       100%        4
 Blade Hands              Tmut           0%         N/A       100%        5
 Borgnjor's Vile Clutch   Necr/Erth      0%         N/A       100%        5
 Death Channel            Necr           0%         N/A       100%        6


Dungeon Overview and Level Annotations

Branches:
Dungeon (4/15)
 Temple: D:4-7

Altars:
Kikubaaqudgha
Vehumet

Shops:
D:2 *


Innate Abilities, Weirdness & Mutations

You are immune to sickness and miasma.
Your stone body is resilient. (AC +4)
You are immune to poison.
You resist negative energy. (rN+)
You are resistant to electric shocks. (rElec)
You are resistant to unholy torment.
You are immune to petrification.


Message History

The kobold barely misses you. The gnoll hits you but does no damage.
You shred the net and break free!
The endoplasm hits you but does no damage.
The kobold hits you but does no damage. The gnoll closely misses you.
You closely miss the gnoll.
The gnoll is almost dead.
The endoplasm freezes you.
You are frozen.
The gnoll hits you with a +0 spear. The kobold hits you but does no damage.
You sock the gnoll!
You kill the gnoll!
The endoplasm hits you but does no damage.
The kobold hits you but does no damage.
The endoplasm hits you but does no damage.
The kobold closely misses you.
You hit the endoplasm.
The endoplasm is poisoned.
The endoplasm is lightly wounded.
The kobold hits you but does no damage. The endoplasm completely misses you.
You hit the endoplasm.
The endoplasm is severely wounded.
The kobold completely misses you.
The endoplasm hits you but does no damage.
You hit the endoplasm.
You kill the endoplasm!
The kobold hits you with a +0 club.
You sock the kobold!
You kill the kobold!
The gnoll throws a throwing net.
The throwing net hits you.
You become entangled in the net!
You struggle against the net.
You tear a large gash into the net.
The gnoll barely misses you.
You rip the net and break free!
The gnoll hits you with a +0 heavy flail!
* * * LOW HITPOINT WARNING * * *
You hit the gnoll.
The gnoll is moderately wounded.
You barely miss the gnoll.
The gnoll is moderately wounded.
The gnoll hits you with a +0 heavy flail.
You die...

#.#####.#
#######.#
#.......#
#.#####.# #
#.#####.#
#.......#
######.####
.........####.#
#######.gg@...#
###.######
#$....# #..g..#
#.>....g$K
#.#.....#g#
#.#..<..#.# .
....... . #
.##...#.. .


You could see a gnoll and a goblin.

Vanquished Creatures
  An orc priest (D:3)
  Jessica (D:2)
  Terence (D:2)
  A gnoll (D:4)
  7 adders
  A dart slug (D:2)
  3 orcs (D:3)
  4 bats
  6 endoplasms
  2 giant cockroaches
  2 goblins
  A hobgoblin (D:1)
  3 quokkas
  3 ball pythons
  4 frilled lizards
  6 kobolds
  A rat (D:3)
47 creatures vanquished.

Notes
Turn   | Place    | Note
-------+----------+-------------------------------------------
     0 | D:1      | porpoise the Gargoyle Gladiator began the quest for the
                  | Orb.
     0 | D:1      | Reached XP level 1. HP: 12/12 MP: 1/1
   372 | D:1      | Found a faded altar of an unknown god.
   618 | D:2      | Noticed Jessica
   623 | D:2      | Killed Jessica
   624 | D:2      | Reached skill level 1 in Stealth
   624 | D:2      | Reached XP level 2. HP: 15/18 MP: 2/2
   624 | D:2      | Reached XP level 3. HP: 19/22 MP: 3/3
   661 | D:2      | Found an ancient bone altar of Kikubaaqudgha.
   718 | D:2      | Reached skill level 4 in Maces & Flails
   718 | D:2      | Reached XP level 4. HP: 9/28 MP: 4/4
   903 | D:2      | Noticed Terence
   951 | D:2      | Found Xismoici's General Store.
  1001 | D:2      | Killed Terence
  1002 | D:2      | Reached XP level 5. HP: 31/32 MP: 5/5
  1238 | D:3      | Found a radiant altar of Vehumet.
  2264 | D:4      | Slain by a gnoll

Illustrated notes

Levels and vault maps discovered:
D:1:      ncdulo_smallfort, layout_loops_ring, ebering_ecumenical_altar_hall,
          minmay_misc_feat_plants
D:2:      layout_rooms, basic_altar, serial_shops, nicolae_shop_crystal,
          minmay_pentomino_u2, uniq_terence, uniq_jessica
D:3:      layout_loops_ring, fiery_altar_vehumet
D:4:      kennysheep_spiral_hall, layout_loops_ring, uniq_natasha

Skill      XL: |  1  2  3  4 |
---------------+-------------+-----
Stealth        | 1 2 |  2.9
Fighting       | 3 |  3.6
Maces & Flails | 4 |  4.9
Throwing       | |  1.7
Dodging        | |  2.4

Action                     |  1- 3 |  4- 6 || total
---------------------------+-------+-------++-------
  Melee: Flail             |    69 |   137 ||   206
         Punch             |       |     1 ||     1
  Throw: Javelin           |     1 |     2 ||     3
    Use: Scroll            |       |     5 ||     5
   Stab: Sleeping          |       |     2 ||     2
 Armour: Leather armour    |    31 |    41 ||    72
         Ring mail         |       |    40 ||    40
         Chain mail        |       |    23 ||    23
  Dodge: Dodged            |    64 |   113 ||   177
